 Dungeon Crawl Stone Soup version 0.16.2-2-g470672f (webtiles) character file.

447 monobi the Sneak (level 7, -5/46 HPs)
             Began as an Octopode Monk on Sept 3, 2015.
             Slain by a worker ant (7 damage)
             ... on level 5 of the Dungeon.
             The game lasted 00:07:00 (2930 turns).

monobi the Sneak (Octopode Monk)                    Turns: 2930, Time: 00:07:02

Health: -5/46      AC:  1    Str: 10    XL:     7   Next: 3%
Magic:  7/7        EV: 14    Int: 12    God:
Gold:   254        SH:  0    Dex: 17    Spells: 0 memorised, 6 levels left

rFire  . . .     SeeInvis .       - Unarmed
rCold  . . .     Clarity  .     (no shield)
rNeg   + . .     SustAb   +     (helmet restricted)
rPois  .         Gourm    .     (no amulet)
rElec  .         Spirit   .     p - ring of sustain abilities
rCorr  .         Warding  .     q - ring of positive energy
rMut   .         Stasis   .     (no ring)
MR     .....                    (no ring)
Stlth  +++++.....               (no ring)
                                (no ring)
                                (no ring)
                                (no ring)

@: lethally poisoned (-5 -> -10), not resistant to hostile enchantments, quite
stealthy
A: almost no armour, amphibious, 8 rings, constrict 8, camouflage 1, gelatinous
body 1
a: no special abilities


You were on level 5 of the Dungeon.
You were not hungry.

You visited 2 branches of the dungeon, and saw 6 of its levels.

You collected 254 gold pieces.

Inventory:

Jewellery
 p - a ring of sustain abilities (left tentacle)
 q - a ring of positive energy (right tentacle)
Scrolls
 f - a scroll of fear
 i - 5 scrolls of identify
 n - 2 scrolls of remove curse {unknown}
 u - a scroll of enchant armour {unknown}
Potions
 a - a potion of flight {unknown}
 e - a potion of brilliance {unknown}
 g - 2 potions of curing {unknown}
 j - a potion of restore abilities {unknown}
 k - 2 potions of cancellation {unknown}
 m - a potion of haste {unknown}
 o - a potion of agility {unknown}
 r - 2 potions of poison {unknown}
 s - a potion of ambrosia {unknown}
Comestibles
 b - 3 bread rations
 h - 3 fruits
 l - a beef jerky


   Skills:
 + Level 3.0 Fighting
 + Level 4.0 Dodging
 * Level 6.7 Stealth
 * Level 6.2 Unarmed Combat


You had 6 spell levels left.
You didn't know any spells.

Dungeon Overview and Level Annotations

Branches:
Dungeon (5/15)             Temple (1/1) D:4

Altars:
Ashenzari
Cheibriados
Elyvilon
Gozag
Qazlal
Sif Muna
Trog
Zin
The Shining One

Shops:
D:4 *


Innate Abilities, Weirdness & Mutations

You cannot wear most types of armour.
You are amphibious.
You can wear up to eight rings at the same time.
You can use your tentacles to constrict many enemies at once.
Your skin changes colour to match your surroundings (Stealth).
Your rubbery body absorbs attacks (AC +1).


Message History

You have reached level 7!
The orc hits you with a flail. The orc barely misses you.
The worker ant bites you.
You are poisoned.
The worker ant poisons you!
You feel sick. The orc closely misses you.
You see here 7 gold pieces.
You now have 234 gold pieces (gained 7).
You feel sick. The worker ant bites you.
* * * LOW HITPOINT WARNING * * *
The orc completely misses you. The orc misses you.
You feel sick.
You see here 20 gold pieces.
You now have 254 gold pieces (gained 20).
You feel sick.
The worker ant bites you but does no damage.
The orc closely misses you. The orc hits you with a mace!
* * * LOW HITPOINT WARNING * * *
The worker ant bites you!
You die...

....... ......
#...# ###
####).## ##....
#.../..##......
#...........#
####...l..)##
##.oao.##
##.@..# #....##
##.....#
####†)....#
#.†.......##
#.#####....# ##
#....# #...<#
#.....#


You could see a worker ant, 2 orcs and a giant gecko.

Vanquished Creatures
  A phantom (D:4)
  Blork the orc (D:4)
  An orc wizard (D:4)
  A giant frog skeleton (D:4)
  A hound (D:4)
  An orc priest (D:5)
  Ijyb (D:4)
  6 adders
  3 worms
  2 adder skeletons (D:5)
  6 giant geckos
  7 orcs
  A ball python (D:1)
  A giant cockroach (D:2)
  9 goblins
  11 hobgoblins
  6 jackals
  2 quokkas
  8 bats
  4 giant newts
  8 kobolds
  9 rats
90 creatures vanquished.

Notes
Turn   | Place    | Note
--------------------------------------------------------------
     0 | D:1      | monobi, the Octopode Monk, began the quest for the Orb.
     0 | D:1      | Reached XP level 1. HP: 16/16 MP: 1/1
    93 | D:1      | Reached XP level 2. HP: 21/21 MP: 2/2
   760 | D:1      | Reached XP level 3. HP: 19/26 MP: 3/3
  1133 | D:2      | Reached skill level 5 in Unarmed Combat
  1133 | D:2      | Reached XP level 4. HP: 26/31 MP: 4/4
  1682 | D:3      | Reached XP level 5. HP: 34/36 MP: 5/5
  2044 | D:4      | Reached skill level 5 in Stealth
  2045 | D:4      | Noticed a phantom
  2075 | D:4      | Killed a phantom
  2075 | D:4      | Reached XP level 6. HP: 31/42 MP: 6/6
  2111 | D:4      | Noticed Ijyb
  2119 | D:4      | Killed Ijyb
  2131 | D:4      | Found an opulent altar of Gozag.
  2152 | D:4      | Found Gozag's Platinum Reserve.
  2168 | D:4      | Reached skill level 6 in Stealth
  2186 | D:4      | Got a faintly humming leather armour
  2194 | D:4      | Identified the -5 leather armour of the Illusory Wishes {rF+} (You found it on level 4 of the Dungeon)
  2226 | D:4      | Found a staircase to the Ecumenical Temple.
  2494 | Temple   | Entered the Ecumenical Temple
  2692 | D:4      | Noticed Blork the orc
  2705 | D:4      | Killed Blork the orc
  2885 | D:5      | Entered Level 5 of the Dungeon
  2924 | D:5      | Reached XP level 7. HP: 23/46 MP: 7/7
  2930 | D:5      | HP: 2/46 [orc/mace (7)]
  2930 | D:5      | Slain by a worker ant

Action                   |  1- 3 |  4- 6 |  7- 9 || total
-------------------------+-------+-------+-------++-------
Melee: Unarmed           |    69 |   132 |       ||   201
  Use: Potion            |       |     2 |       ||     2
       Scroll            |       |     4 |       ||     4
 Stab: Sleeping          |     9 |    15 |       ||    24
       Distracted        |       |     1 |       ||     1
  Eat: Meat ration       |       |     2 |       ||     2
